 Dungeon Crawl Stone Soup version 0.28-a0-578-g717728bcc0 (webtiles) character file.

Game seed: 13030280942742739905

13058 1994 the Cleaver (level 11, 0/85 HPs)
             Began as a Vampire Gladiator on Oct 2, 2021.
             Was a Priest of Makhleb.
             Slain by a death yak (13 damage)
             ... on level 10 of the Dungeon.
             The game lasted 00:39:01 (13951 turns).

1994 the Cleaver (Vampire Gladiator)               Turns: 13951, Time: 00:39:02

Health: 0/85       AC: 20    Str: 21    XL:     11   Next: 70%
Magic:  16/16      EV: 12    Int: 11    God:    Makhleb [***...]
Gold:   723        SH:  0    Dex: 21    Spells: 10/10 levels left

rFire   + . .      SeeInvis +   b - +1 trident (venom)
rCold   + + .      Faith    .   (no shield)
rNeg    . . .      Spirit   .   T - +3 chain mail {rF+}
rPois   .          Reflect  .   m - +1 helmet of Gaony {rC+ rCorr}
rElec   .          Harm     .   (no cloak)
rCorr   +          Rampage  .   J - +2 pair of gloves of Haemus {Dex+5}
Will    +....                   I - +0 pair of boots
Stlth   ..........              D - amulet "Ryidghouch" {RegenMP Str+5}
HPRegen 0.44/turn               F - ring of protection from fire
MPRegen 0.40/turn               O - ring of ice

@: healing quickly
A: alive, fangs 3, see invisible, vampiric 2
a: Exsanguinate, Renounce Religion, Minor Destruction, Lesser Servant of Makhleb


You were on level 10 of the Dungeon.
You worshipped Makhleb.
Makhleb was most pleased with you.
You visited 2 branches of the dungeon, and saw 12 of its levels.
You also visited: Gauntlet.

You collected 723 gold pieces.

Inventory:

Hand Weapons
 a - the +9 lance "Wyrmbane" {slay drac, rPois rF+ rC+ AC+3}
   (You took it off Maggie on level 8 of the Dungeon)

   It inflicts extra damage against dragons and draconians.
   AC:        It affects your AC (+3).
   rF:        It protects you from fire.
   rC:        It protects you from cold.
   rPois:     It protects you from poison.
 b - a +1 trident of venom (weapon)
 M - a +3 hand axe
 U - the +3 glaive of the Cup {vorpal, rC+ Will+++ Dex-2}
   (You took it off a minotaur in a Gauntlet)

   It inflicts extra damage upon your enemies.
   Dex:       It affects your dexterity (-2).
   rC:        It protects you from cold.
   Will:      It greatly increases your willpower.
Missiles
 d - 6 throwing nets
 p - 37 poisoned darts
 G - 5 datura-tipped darts
Armour
 m - the +1 helmet of Gaony (worn) {rC+ rCorr}
   (You found it on level 10 of the Dungeon)

   rC:        It protects you from cold.
   rCorr:     It protects you from acid and corrosion.
 n - a +1 chain mail of cold resistance
 I - a +0 pair of boots (worn)
 J - the +2 pair of gloves of Haemus (worn) {Dex+5}
   (You found it in a Gauntlet)

   Dex:       It affects your dexterity (+5).
 N - +0 swamp dragon scales
 T - a +3 chain mail of fire resistance (worn)
 V - a +2 chain mail of positive energy
 W - the +0 helmet of the Evening Star {rElec rN+ Will-}
   (You found it in a Gauntlet)

   rElec:     It insulates you from electricity.
   rN:        It protects you from negative energy.
   Will:      It decreases your willpower.
Magical Staves
 y - a staff of death
Jewellery
 D - the amulet "Ryidghouch" (around neck) {RegenMP Str+5}
   (You found it on level 6 of the Dungeon)

   [amulet of magic regeneration]

   It increases your rate of magic regeneration.
   Str:       It affects your strength (+5).
 F - a ring of protection from fire (left hand)
 O - a ring of ice (right hand)
Wands
 z - a wand of iceblast (9)
 P - a wand of paralysis (13)
 S - a wand of flame (31)
Scrolls
 f - 2 scrolls of fog
 g - 2 scrolls of magic mapping
 s - 2 scrolls of immolation
 t - 2 scrolls of teleportation
 w - a scroll of vulnerability {unknown}
 x - 2 scrolls of fear
 H - a scroll of blinking {unknown}
 K - a scroll of enchant weapon
 Q - a scroll of amnesia {unknown}
 R - a scroll of summoning {unknown}
Potions
 h - 2 potions of ambrosia
 i - 2 potions of lignification {unknown}
 j - 2 potions of invisibility
 k - a potion of berserk rage
 l - 3 potions of resistance
 o - 3 potions of haste
 q - 3 potions of might
 r - 2 potions of heal wounds
 u - 2 potions of attraction
 v - 2 potions of brilliance {unknown}
 A - 3 potions of curing
 B - a potion of cancellation {unknown}
 C - 3 potions of flight {unknown}
Miscellaneous
 c - a condenser vane
 E - a phial of floods


   Skills:
 + Level 7.6 Fighting
 * Level 10.9 Axes
 - Level 1.5 Throwing
 + Level 6.6 Armour
 + Level 8.2 Dodging
 + Level 6.7 Invocations


You had 10 spell levels left.
You didn't know any spells.
Your spell library contained the following spells:

 Spells                   Type           Power      Damage    Failure   Level
 Magic Dart               Conj           0%         1d3       95%         1
 Call Imp                 Summ           0%         N/A       99%         2
 Slow                     Hex            0%         N/A       99%         2
 Static Discharge         Conj/Air       0%         N/A       99%         2
 Call Canine Familiar     Summ           0%         N/A       100%        3
 Confusing Touch          Hex            0%         N/A       100%        3
 Inner Flame              Hex/Fire       0%         N/A       100%        3
 Mephitic Cloud           Conj/Pois/Air  0%         N/A       100%        3
 Portal Projectile        Hex/Tloc       0%         N/A       100%        3
 Animate Dead             Necr           0%         N/A       100%        4
 Cause Fear               Hex            0%         N/A       100%        4
 Dispel Undead            Necr           0%         3d6       100%        4
 Leda's Liquefaction      Hex/Erth       0%         N/A       100%        4
 Sticky Flame             Conj/Fire      0%         2d3       100%        4
 Borgnjor's Vile Clutch   Necr/Erth      0%         N/A       100%        5
 Lightning Bolt           Conj/Air       0%         1d11      100%        5
 Yara's Violent Unravell  Hex/Tmut       0%         3d3       100%        5
 Death Channel            Necr           0%         N/A       100%        6
 Dispersal                Tloc           0%         N/A       100%        6
 Discord                  Hex            0%         N/A       100%        8
 Disjunction              Tloc           0%         N/A       100%        8
 Maxwell's Capacitive Co  Air            0%         ∞         100%        8


Dungeon Overview and Level Annotations

Branches:
Dungeon (11/15)            Temple (1/1) D:4         Gauntlet (visited)
   Lair: D:8-11         Orc: D:9-12

Altars:
Ashenzari
Cheibriados
Dithmenos
Elyvilon
Fedhas
Gozag
Hepliaklqana
Kikubaaqudgha
Makhleb
Nemelex Xobeh
Okawaru
Qazlal
Ru
Sif Muna
Trog
Uskayaw
Vehumet
Wu Jian
Xom
Yredelemnul
Zin
The Shining One

Shops:
D:8 *

Annotations:
D:3 loot


Innate Abilities, Weirdness & Mutations

Your natural rate of healing is accelerated.
You have razor-sharp teeth.
You have supernaturally acute eyesight. (SInv)
You are afflicted with vampirism and can become a bat while bloodless.


Message History

The death yak gores you.
You hit the death yak.
The death yak looks as sick as possible!
The death yak is heavily wounded.
The death yak gores you but does no damage.
You hit the death yak.
The death yak looks as sick as possible!
The death yak is severely wounded.
The death yak gores you but does no damage.
Reach: b) +1 trident (venom)
Press: ? - help, Dir - move target, f - death yak
Aim: a death yak (almost dead, very poisoned, about 17% to evade your +1 trident of venom)
You reach to attack!
You hit the death yak.
The death yak is almost dead.
Unknown command.
Unknown command.
You see here a +0 dagger.
You kill the death yak!
Makhleb accepts your kill.
You feel better.
There is a stone staircase leading down here.
You climb downwards.
The death yak gores you! The death yak misses you. The death yak gores you!!
The death yak gores you!
There is a stone staircase leading up, spattered with blood here.
Unknown command.
Unknown command.
The death yak gores you!
The death yak gores you but does no damage.
The death yak barely misses you.
You climb upwards.
There is a stone staircase leading down here.
Unknown command.
Unknown command.
Unknown command.
The death yak gores you.
* * * LOW HITPOINT WARNING * * *
The death yak gores you!
* * * LOW HITPOINT WARNING * * *
The death yak gores you!
You die...

#..##..# ##.###.## #..##..#
##.###.# ##### #..#..#
#########...##
##.#.##########............##
#...#........Y.>..........?#
##.##..#####.Y.Y...........#
#..##..###..@#######.......#
#####.###.....................##
......# #....#####.....#.......#
####.## #...## ##..............#
#..# #...# #...............##
###.## #...# #...<............#
....#####...## #.........#...##..
###.#.##....[###.........#######.
###...##.........................


You could see 3 death yaks.

Vanquished Creatures
  A minotaur (Gauntlet)
  A two-headed ogre (D:9)
  A tengu warrior (D:9)
  A death yak (D:10)
  A cyclops (D:10)
  An ugly thing (D:10)
  A manticore (D:8)
  An ice statue (Gauntlet)
  A hellion (Gauntlet)
  Maggie (D:8)
  2 rime drakes (Gauntlet)
  A hornet (D:7)
  2 slime creatures (Gauntlet)
  A shadow (D:10)
  Eustachio (D:5)
  2 wyverns
  4 yaks
  A steam dragon (D:9)
  4 vampire mosquitoes
  Menkaure (D:7)
  An acid dragon (D:10)
  2 water moccasins
  An ice beast (D:8)
  3 sky beasts
  3 orc warriors
  5 ogres
  A phantom (D:7)
  2 centaurs
  4 gnoll sergeants
  A kobold brigand (D:8)
  2 bullfrogs (D:8)
  2 scorpions
  2 water moccasin zombies (D:5)
  3 killer bees (D:9)
  A water moccasin skeleton (D:7)
  4 wights
  3 howler monkeys
  A bullfrog zombie (D:4)
  5 centaur zombies
  2 centaur skeletons (D:5)
  7 hounds
  3 jellies (Gauntlet)
  5 orc priests
  2 bullfrog skeletons
  5 iguanas
  14 orc wizards
  A killer bee zombie (D:8)
  A hound skeleton (D:4)
  13 gnolls
  A howler monkey skeleton (D:5)
  7 adders
  A shadow imp (D:7)
  4 white imps
  An ufetubus (D:6)
  An adder zombie (D:5)
  2 adder skeletons (D:5)
  A worm (D:3)
  3 dart slugs
  22 orcs
  11 bats
  9 endoplasms
  3 giant cockroaches
  7 goblins
  9 hobgoblins
  5 jackals
  3 quokkas
  9 ball pythons
  3 frilled lizards (D:3)
  9 kobolds
  6 rats
245 creatures vanquished.

Vanquished Creatures (collateral kills)
  A centaur warrior (D:10)
  An ugly thing (D:9)
  A cyclops (D:10)
  An orc warrior (D:8)
  An orc (D:8)
5 creatures vanquished.

Grand Total: 250 creatures vanquished

Notes
Turn   | Place    | Note
-------+----------+-------------------------------------------
     0 | D:1      | 1994 the Vampire Gladiator began the quest for the Orb.
     0 | D:1      | Reached XP level 1. HP: 16/16 MP: 1/1
    62 | D:1      | Reached XP level 2. HP: 20/22 MP: 2/2
    65 | D:1      | Reached skill level 3 in Axes
   182 | D:1      | Found a faded altar of an unknown god.
   312 | D:1      | Gained mutation: You are afflicted with vampirism and can
                  | become a bat while bloodless. [Vampire growth]
   312 | D:1      | Reached XP level 3. HP: 27/27 MP: 3/3
   547 | D:2      | Reached skill level 1 in Armour
  1147 | D:3      | Reached XP level 4. HP: 34/34 MP: 4/4
  1577 | D:3      | Reached XP level 5. HP: 39/39 MP: 5/5
  2044 | D:3      | Found a sparkling altar of Nemelex Xobeh.
  2044 | D:3      | Found an opulent altar of Gozag.
  2328 | D:4      | Reached skill level 4 in Axes
  2430 | D:4      | Found a staircase to the Ecumenical Temple.
  2446 | Temple   | Entered the Ecumenical Temple
  2755 | Temple   | Became a worshipper of Makhleb the Destroyer
  3040 | D:4      | Found an ancient bone altar of Kikubaaqudgha.
  3094 | D:4      | Reached XP level 6. HP: 42/47 MP: 6/6
  3561 | D:5      | Entered Level 5 of the Dungeon
  3751 | D:5      | Noticed Eustachio
  3763 | D:4      | Reached skill level 5 in Axes
  3799 | D:5      | Killed Eustachio
  3800 | D:5      | Reached skill level 5 in Dodging
  3800 | D:5      | Reached XP level 7. HP: 32/52 MP: 7/7
  4177 | D:5      | Reached * piety under Makhleb
  4361 | D:5      | HP: 2/54 [poisoned by a scorpion]
  4593 | D:5      | Reached skill level 6 in Axes
  4593 | D:5      | Reached XP level 8. HP: 54/60 MP: 8/8
  4926 | D:5      | HP: 3/61 [water moccasin zombie (4)]
  4926 | D:5      | HP: 1/61 [gnoll sergeant (2)]
  5377 | D:6      | Identified the amulet "Ryidghouch" {RegenMP Str+5}
  5441 | D:5      | Reached skill level 7 in Axes
  5558 | D:6      | Noticed a gargoyle
  5862 | D:5      | Reached skill level 5 in Fighting
  6027 | D:5      | Reached XP level 9. HP: 42/68 MP: 9/9
  6128 | D:6      | Reached ** piety under Makhleb
  6764 | D:6      | Reached skill level 1 in Invocations
  7086 | D:7      | Reached skill level 8 in Axes
  7472 | D:7      | Noticed Menkaure
  7481 | D:7      | Killed Menkaure
  8695 | D:8      | Noticed a manticore
  8978 | D:7      | Reached skill level 5 in Armour
  8998 | D:8      | Paralysed by a hornet for 2 turns
  9009 | D:7      | Reached XP level 10. HP: 23/76 MP: 12/12
  9370 | D:8      | Killed a manticore
  9370 | D:8      | Reached *** piety under Makhleb
  9453 | D:8      | Noticed Maggie
  9705 | D:8      | Found Xang's General Store.
  9727 | D:8      | Killed Maggie
  9734 | D:8      | Reached skill level 9 in Axes
 10239 | D:9      | Noticed a two-headed ogre
 10287 | D:9      | Killed a two-headed ogre
 10288 | D:9      | Reached skill level 5 in Invocations
 10457 | D:9      | Found a bloodstained altar of Trog.
 11120 | D:10     | Entered Level 10 of the Dungeon
 11440 | D:10     | Noticed a centaur warrior
 11453 | D:10     | Killed a centaur warrior
 11454 | D:10     | Reached XP level 11. HP: 6/83 MP: 15/15
 11736 | D:10     | Reached skill level 10 in Axes
 11763 | D:10     | HP: 4/83 [cyclops (17)]
 11985 | D:10     | Noticed a brown ugly thing
 11989 | D:10     | Noticed a brown ugly thing
 12011 | D:9      | Killed a brown ugly thing
 12212 | D:10     | Killed a brown ugly thing
 12340 | D:10     | Noticed a tengu warrior
 12528 | D:9      | Killed a tengu warrior
 12858 | D:10     | Identified the +1 helmet of Gaony {rC+ rCorr}
 12992 | D:11     | Found a gate leading to a gauntlet.
 13021 | Gauntlet | Entered a Gauntlet
 13021 | Gauntlet | Found a transporter.
 13030 | Gauntlet | Found a transporter.
 13031 | Gauntlet | Found a transporter.
 13045 | Gauntlet | Found a transporter.
 13046 | Gauntlet | Found a transporter.
 13051 | Gauntlet | Noticed a green death
 13056 | Gauntlet | Found a transporter.
 13072 | Gauntlet | Found a transporter.
 13082 | Gauntlet | Found a transporter.
 13082 | Gauntlet | Noticed a thrashing horror
 13086 | Gauntlet | Found a transporter.
 13086 | Gauntlet | Found a transporter.
 13108 | Gauntlet | Found a transporter.
 13126 | Gauntlet | Found a transporter.
 13132 | Gauntlet | Found a transporter.
 13134 | Gauntlet | Found a transporter.
 13387 | Gauntlet | Identified the +2 pair of gloves of Haemus {Dex+5}
 13442 | Gauntlet | Identified the +3 glaive of the Cup {vorpal, rC+ Will+++
                  | Dex-2}
 13442 | Gauntlet | Noticed a minotaur
 13493 | Gauntlet | Killed a minotaur
 13623 | Gauntlet | Identified the +0 helmet of the Evening Star {rElec rN+
                  | Will-}
 13698 | D:11     | Noticed a death yak
 13698 | D:11     | Noticed a death yak
 13698 | D:11     | Noticed a death yak
 13701 | D:11     | Noticed a death yak
 13711 | D:11     | Noticed a death yak
 13714 | D:11     | Noticed a death yak
 13919 | D:10     | Killed a death yak
 13951 | D:10     | Slain by a death yak

Illustrated notes

Levels and vault maps discovered:
D:1:      ebering_hopf_link, layout_rooms, ebering_ecumenical_altar_abandoned
D:2:      layout_basic
D:3:      wad_river_or_something, layout_loops_ring,
          grunt_temple_overflow_opulence, due_unseen_surprise
D:4:      layout_loops_ring, lemuel_doored_altar, minmay_temple_entry_grid,
          hangedman_decor_slide_cut
D:5:      kennysheep_windowed_halls, layout_cave_pools, cheibrodos_gnoll_hut,
          uniq_eustachio
D:6:      layout_basic, grunt_ministairs_15, nrook_loot_triangle
D:7:      cheibrodos_quashed, layout_layer_cave, minmay_misc_feat_rugged,
          minmay_a_box_with_orc_wizards_in_it, uniq_menkaure
D:8:      layout_rooms, serial_shops, nicolae_shop_crystal,
          lemuel_flamethrower_1, uniq_maggie
D:9:      layout_stronghold, lightli_temple_of_fire, minivault_27
D:10:     minmay_cut_squares, layout_rooms, nicolae_benzene_ring
D:11:     layout_roguey, dpeg_lair_monsters, david_orc_3,
          gauntlet_entry_generic, nicolae_dithmenos_through_a_glass_darkly,
          uniq_erica
Temple:   hc_temple_tempest_star

Skill      XL: |  1  2  3  4  5  6  7  8  9 10 11 |
---------------+----------------------------------+-----
Fighting       | 2 3 4 5 6 7 |  7.6
Axes           | 3 4 5 6 7 8 9 10 | 10.9
Armour         | 1 2 3 4 5 6 |  6.6
Dodging        | 4 5 6 7 8 |  8.2
Invocations    | 3 5 6 |  6.7
Throwing       | |  1.5

Action                   |  1- 3 |  4- 6 |  7- 9 | 10-12 || total
-------------------------+-------+-------+-------+-------++-------
Melee: War axe           |    90 |   153 |   231 |       ||   474
       Bite              |    11 |    21 |    40 |    47 ||   119
       Trident           |       |    30 |   155 |    60 ||   245
       Lance             |       |       |       |   262 ||   262
       Hand axe          |       |       |       |    58 ||    58
Throw: Stone             |     3 |       |       |       ||     3
       Dart              |       |     6 |       |     1 ||     7
Invok: Minor Destruction |       |       |    21 |    29 ||    50
       Lesser Servant of |       |       |       |     6 ||     6
Evoke: Wand              |       |       |     2 |       ||     2
  Use: Scroll            |       |     5 |     5 |     7 ||    17
       Potion            |       |       |       |     2 ||     2
 Stab: Distracted        |       |       |       |     2 ||     2
Armor: Leather armour    |    14 |       |       |       ||    14
       Ring mail         |    24 |     7 |       |       ||    31
       Scale mail        |       |    47 |       |       ||    47
       Chain mail        |       |    38 |   108 |    30 ||   176
       Plate armour      |       |       |   193 |    41 ||   234
       Swamp dragon scal |       |       |       |    72 ||    72
Dodge: Dodged            |    73 |   121 |   206 |   234 ||   634

Table legend: (Time is in decaauts)
 A = Elapsed time spent in this place.
 B = Non-inter-level travel time spent in this place.
 C = Inter-level travel time spent in this place.
 D = Time resting spent in this place.
 E = Time spent auto-exploring this place.
 F = Levels seen in this place.
 G = Mean time per level.
                   A        B        C        D        E       F      G
               +--------+--------+--------+--------+--------+-----+--------+
         Total |  14086 |  13412 |    674 |   3475 |   5845 |  13 | 1083.5 |
       Dungeon |  13109 |  12496 |    613 |   3238 |   5542 |  11 | 1191.7 |
        Temple |    363 |    302 |     61 |      0 |    282 |   1 |  363.0 |
      Gauntlet |    613 |    613 |      0 |    237 |     21 |   1 |  613.0 |
               +--------+--------+--------+--------+--------+-----+--------+

Top non-repeatable levels by time:
     D:7: 2484 daAuts
     D:5: 2073 daAuts
     D:9: 1725 daAuts
    D:10: 1306 daAuts
     D:3: 1267 daAuts
     D:4: 1178 daAuts
     D:6: 1084 daAuts
     D:2: 702 daAuts
     D:8: 684 daAuts
Gauntlet: 613 daAuts
     D:1: 452 daAuts
  Temple: 363 daAuts
    D:11: 148 daAuts
